 Dungeon Crawl Stone Soup version 0.24.0-13-gcf9b319 (webtiles) character file.

Game seed: 14798654653924715275, levelgen mode: deterministic

404 suxballz the Skirmisher (level 6, -4/52 HPs)
             Began as a Demonspawn Berserker on Mar 16, 2020.
             Was a Believer of Trog.
             Killed from afar by an orc wizard (9 damage)
             ... with a magic dart
             ... on level 3 of the Dungeon.
             The game lasted 00:03:13 (2036 turns).

suxballz the Skirmisher (Demonspawn Berserker)      Turns: 2036, Time: 00:03:14

Health: -4/52      AC:  5    Str: 19    XL:     6   Next: 56%
Magic:  6/6        EV: 17    Int:  8    God:    Trog [**....]
Gold:   68         SH:  0    Dex: 18    Spells: 5/5 levels left

rFire    . . .     SeeInvis .   a - +0 hand axe
rCold    . . .     Gourm    .   (no shield)
rNeg     . . .     Faith    .   b - +0 animal skin
rPois    .         Spirit   .   (no helmet)
rElec    .         Reflect  .   (no cloak)
rCorr    +         Harm     .   k - +2 pair of gloves
MR       ++...                  (no boots)
Stlth    +++.......             (no amulet)
HPRegen  1.17/turn              m - ring of resist corrosion
MPRegen  0.10/turn              (no ring)

@: agile, lethally poisoned (-4 -> -8), berserk cooldown, regenerating, slowed,
very slow
A: powered by pain 1, spiny 1
a: Berserk, Trog's Hand, Renounce Religion


You were on level 3 of the Dungeon.
You worshipped Trog.
Trog was pleased with you.
You were very hungry.

You visited 1 branch of the dungeon, and saw 3 of its levels.

You collected 68 gold pieces.

Inventory:

Hand Weapons
 a - a +0 hand axe (weapon)
Armour
 b - a +0 animal skin (worn)
 k - a +2 pair of gloves (worn)
Jewellery
 m - a ring of resist corrosion (left hand)
Scrolls
 d - 3 scrolls of noise {unknown}
 e - a scroll of amnesia {unknown}
 g - 3 scrolls of teleportation {unknown}
 i - 2 scrolls of remove curse {unknown}
 l - a scroll of magic mapping {unknown}
 n - 2 scrolls of identify {unknown}
 p - a scroll of blinking {unknown}
Potions
 f - 3 potions of lignification {unknown}
 h - 3 potions of might {unknown}
 j - a potion of curing {unknown}
Comestibles
 c - 4 rations


   Skills:
 + Level 5.7 Fighting
 + Level 5.1 Axes
 - Level 1.7 Armour
 - Level 1.7 Dodging


You had 5 spell levels left.
You didn't know any spells.
Your spell library was empty.

Dungeon Overview and Level Annotations

Branches:
Dungeon (3/15)

Altars:


Innate Abilities, Weirdness & Mutations

You sometimes gain a little power by taking damage.
You are partially covered in sharp spines.


Message History

You kill the orc!
Trog accepts your kill.
You feel very sick.
The orc wizard is struck by your spines.
The orc wizard hits you with a +2 dagger of venom.
* * * LOW HITPOINT WARNING * * *
The orc wizard gestures at you while chanting.
The magic dart hits you.
* * * LOW HITPOINT WARNING * * *
Things that are here:
a +0 hand axe; a +0 leather armour You closely miss the orc wizard.
The orc wizard is almost dead.
You feel sick.
The orc wizard hits you with a +2 dagger of venom.
* * * LOW HITPOINT WARNING * * *
You are more poisoned.
The orc wizard points at you and mumbles some strange words.
The magic dart hits you!
You die...

.... #... #..# #..
# #.. #.##.###.#
#..)))...# ##+# #)#
##...## #@##
##.....### #o)##
##........#
##)).####.....#.#.#
#.).....+.........'
##...####.....#.#.#
#..## #........#
#.## ##.....###
##.# ##...## #..#
##'##


You could see an orc wizard.

Vanquished Creatures
  Grinder (D:3)
  Jessica (D:2)
  2 orc wizards (D:3)
  4 gnolls (D:3)
  3 adders (D:3)
  An ooze (D:3)
  A worm (D:2)
  2 dart slugs
  3 leopard geckos
  7 orcs (D:3)
  6 bats
  3 giant cockroaches (D:2)
  4 goblins
  A hobgoblin (D:2)
  2 jackals (D:3)
  2 quokkas (D:2)
  2 frilled lizards
  2 kobolds (D:1)
  6 rats
53 creatures vanquished.

Notes
Turn   | Place    | Note
-------+----------+-------------------------------------------
     0 | D:1      | suxballz the Demonspawn Berserker began the quest for the
                  | Orb.
     0 | D:1      | Reached XP level 1. HP: 18/18 MP: 1/1
   248 | D:1      | Gained mutation: You sometimes gain a little power by
                  | taking damage. [demonic ancestry]
   248 | D:1      | Reached XP level 2. HP: 16/24 MP: 2/2
   938 | D:2      | Noticed Jessica
   943 | D:2      | Killed Jessica
   943 | D:2      | Reached XP level 3. HP: 30/30 MP: 3/3
  1533 | D:3      | Reached XP level 4. HP: 37/37 MP: 4/4
  1601 | D:3      | Reached ** piety under Trog
  1883 | D:3      | Noticed Grinder
  1894 | D:3      | Killed Grinder
  1894 | D:3      | Reached skill level 5 in Fighting
  1894 | D:3      | Reached XP level 5. HP: 44/44 MP: 5/5
  1894 | D:3      | Gained mutation: You are partially covered in sharp spines.
                  | [demonic ancestry]
  1894 | D:3      | Reached XP level 6. HP: 51/51 MP: 6/6
  2017 | D:3      | Reached skill level 5 in Axes
  2036 | D:3      | Killed from afar by an orc wizard

Levels and vault maps discovered:
D:1:      dpeg_arrival_connections, layout_basic, minmay_cupped
D:2:      layout_basic, uniq_jessica
D:3:      layout_loops_corners, overflow_temple_1_default, serial_glass,
          glass_columns_a, glass_columns_a, first_ration, uniq_grinder

Skill      XL: |  1  2  3  4  5  6 |
---------------+-------------------+-----
Axes           | 3 4 5 |  5.1
Fighting       | 4 5 |  5.7
Armour         | |  1.7
Dodging        | |  1.7

Action                   |  1- 3 |  4- 6 || total
-------------------------+-------+-------++-------
Melee: Hand axe          |    78 |    69 ||   147
Invok: Berserk           |     3 |     2 ||     5
       Trog's Hand       |       |     1 ||     1
  Eat: Chunk             |     3 |     1 ||     4
       Ration            |       |     1 ||     1
Armor: Animal skin       |    17 |    17 ||    34
Dodge: Dodged            |    50 |    46 ||    96
